 Dungeon Crawl Stone Soup version 0.29-a0-337-g68df138881 (webtiles) character file.

Game seed: 1182785988648447340

2482 spaghetti the Sneak (level 9, 0/74 (76) HPs)
             Began as a Deep Dwarf Necromancer on Apr 17, 2022.
             Was a Priest of Makhleb.
             Slain by a wight
             ... wielding a +5 war axe of freezing
              (12 damage)
             ... on level 8 of the Dungeon.
             The game lasted 00:18:25 (9229 turns).

spaghetti the Sneak (Deep Dwarf Necromancer)        Turns: 9229, Time: 00:18:25

HP:   0/74 (76)     AC:  5    Str: 16    XL:     9   Next: 27%
MP:   2/13          EV: 13    Int: 21    God:    Makhleb [***...]
Gold: 428           SH:  0    Dex: 11    Spells: 6/16 levels left

rFire   x . .      SeeInvis .   e - +8 trident of the Octopus King {venom, rElec rPois, polearm}
rCold   + . .      Faith    .   (no shield)
rNeg    . . .      Spirit   .   a - +0 robe
rPois   +          Reflect  .   (no helmet)
rElec   +          Harm     .   S - +1 cloak {rPois}
rCorr   .          Rampage  .   (no gloves)
Will    +....                   R - +0 pair of boots
Stlth   ++++......              (no amulet)
HPRegen 0.00/turn               k - +6 ring of strength
MPRegen 0.13/turn               p - ring "Igrer" {Ice Int+3 Dex-4 Slay+3 Stlth+}

@: wereblooded, lightly drained
A: damage resistance, heal wounds, sense surroundings 2, no regeneration, weak 1
a: Heal Wounds, Renounce Religion, Minor Destruction, Lesser Servant of Makhleb


You were on level 8 of the Dungeon.
You worshipped Makhleb.
Makhleb was most pleased with you.
You visited 1 branch of the dungeon, and saw 8 of its levels.

You collected 428 gold pieces.


Innate Abilities, Weirdness & Mutations

You are resistant to damage.
You can heal yourself by infusing magical energy.
You passively map the area around you.
You do not regenerate.
You are weak. (Str -2)


   Skills:
 + Level 3.4 Fighting
 + Level 3.0 Armour
 + Level 4.8 Dodging
 * Level 7.6 Stealth
 + Level 4.1 Spellcasting
 + Level 6.3 Necromancy
 + Level 3.2 Transmutations
 * Level 7.2 Invocations


You had 6 spell levels left.
You knew the following spells:

 Your Spells              Type           Power      Damage    Failure   Level
a - Pain                  Necr           100%       1d9       1%          1
b - Vampiric Draining     Necr           30%        2d8       2%          3
c - Wereblood             Tmut           18%        N/A       4%          2
d - Animate Dead          Necr           15%        N/A       9%          4

Your spell library contained the following spells:

 Spells                   Type           Power      Damage    Failure   Level
 Animate Skeleton         Necr           60%        N/A       1%          1
 Beastly Appendage        Tmut           36%        N/A       3%          1
 Apportation              Tloc           8%         N/A       12%         1
 Summon Small Mammal      Summ           16%        N/A       12%         1
 Spider Form              Tmut/Pois      11%        N/A       19%         3
 Ignite Poison            Fire/Tmut/Pois 8%         N/A       22%         3
 Agony                    Necr           30%        N/A       24%         5
 Conjure Flame            Conj/Fire      4%         6-21      34%         3
 Ice Form                 Ice/Tmut       16%        N/A       52%         4
 Hailstorm                Conj/Ice       6%         3d4       75%         4
 Sticky Flame             Conj/Fire      4%         2d3       75%         4
 Simulacrum               Ice/Necr       13%        N/A       99%         6

Inventory:

Hand Weapons
 e - the +8 trident of the Octopus King (weapon) {venom, rElec rPois, polearm}
   (You found it on level 6 of the Dungeon)

   It poisons the flesh of those it strikes.
   rElec:     It insulates you from electricity.
   rPois:     It protects you from poison.
 q - the +5 scimitar of the Salmon {antimagic, rPois rF+ rC- rN+, long}
   (You found it on level 7 of the Dungeon)

   It reduces the magical energy of the wielder, and disrupts the spells and
   magical abilities of those it strikes.
   Natural abilities and divine invocations are not affected.
   rF:        It protects you from fire.
   rC:        It makes you vulnerable to cold.
   rPois:     It protects you from poison.
   rN:        It protects you from negative energy.
 H - a +2 mace of holy wrath {mace}
   (You found it on level 3 of the Dungeon)
Missiles
 c - 235 stones {throwing}
 f - 6 silver javelins {throwing}
 j - 4 javelins {throwing}
 m - a curare-tipped dart {=fthrowing}
 n - 6 silver boomerangs {throwing}
 z - 30 poisoned darts {throwing}
 E - 5 boomerangs {throwing}
 N - 3 atropa-tipped darts {throwing}
Armour
 a - a +0 robe (worn)
 R - a +0 pair of boots (worn)
   (You found it on level 5 of the Dungeon)
 S - a +1 cloak of poison resistance (worn)
   (You took it off Crazy Yiuf on level 5 of the Dungeon)
Jewellery
 k - a +6 ring of strength (left hand)
   (You found it on level 1 of the Dungeon)
 p - the ring "Igrer" (right hand) {Ice Int+3 Dex-4 Slay+3 Stlth+}
   (You found it on level 2 of the Dungeon)

   [ring of ice]

   It enhances your ice magic.
   Int:       It affects your intelligence (+3).
   Dex:       It affects your dexterity (-4).
   Slay:      It affects your accuracy & damage with ranged weapons and melee
   (+3).
   rF:        It makes you vulnerable to fire.
   rC:        It protects you from cold.
   Stlth:     It makes you more stealthy.
Wands
 r - a wand of paralysis (7)
   (You found it on level 7 of the Dungeon)
 C - a wand of flame (2)
   (You took it off Terence on level 3 of the Dungeon)
Scrolls
 g - 2 scrolls of holy word
 h - a scroll of amnesia
 l - a scroll of silence {!r}
 o - 3 scrolls of noise {!r}
 s - 2 scrolls of fog
 u - 2 scrolls of teleportation {@r4}
 v - a scroll of blinking {unknown}
 F - a scroll of vulnerability {!r!r}
 G - a scroll of immolation {unknown}
 M - a scroll of torment {unknown}
 O - 3 scrolls of magic mapping {unknown}
 Q - 3 scrolls of fear {unknown}
Potions
 b - 2 potions of magic
 d - 2 potions of cancellation
 i - a potion of attraction {!q}
 t - a potion of berserk rage {unknown}
 w - 4 potions of might
 A - 2 potions of lignification {!q}
 J - a potion of brilliance
 K - 2 potions of invisibility

Dungeon Overview and Level Annotations

Branches:
Dungeon (8/15)             Temple (0/1) D:5
   Lair: D:8-11

Altars:
Cheibriados
Kikubaaqudgha
Makhleb

Shops:
D:4 =   D:6 *

Annotations:
D:7 3 runed translucent doors, dolemite99's ghost, novice HOCA

* * , * * ** *,
### ..* # *
#...##..
#[##*....... .,,*
#.#. ...o..,..
..o,...., .# ** *
#o##o###..#
#{@zz......
###z..##...##
#.....#....#
#.....#<#..#######
#.....#.#.........
##...##.#..#######
#.####.#..#######
#.# #.#.........
#.####.#...######


You could see 3 wights, an orc priest and 3 orcs.


Message History

You feel life coursing into your body.
The orc shouts!
You howl as the wereblood boils in your veins!
An orc wizard comes into view.
It is wielding a +0 dagger. 😕 HP[+3] MP[-3]
You regained 3 hp, and now have 65/76 hp.
You lost 3 mp, and now have 10/14 mp.
You puncture the orc priest!
You feel a bit better.
You kill the orc priest!
Makhleb accepts your kill.
You feel better.
An orc comes into view. It is wielding a +0 hand axe.
An orc priest comes into view. It is wielding a +0 dagger.
Your Armour skill increases to level 3! 😕 HP[+4]
You regained 4 hp, and now have 69/76 hp.
The orc shouts!
The orc priest shouts!
You hit the orc warrior but do no damage.
The orc warrior is poisoned.
You howl as the wereblood boils in your veins!
The wight hits you with a +5 dagger.
The orc warrior hits you with a +0 flail!!
The wight barely misses you. The wight hits you with a +5 dagger!
The orc warrior hits you with a +0 flail!
* * * LOW HITPOINT WARNING * * *
The wight barely misses you. 😨 HP[-32]
You take 32 damage, and now have 37/76 hp.
MASSIVE DAMAGE!! (PAUSE)
Casting: Vampiric Draining (mildly dangerous; 2% risk of failure)
Confirm with . or Enter, or press ? or * to list all spells.
Aiming: Vampiric Draining (mildly dangerous; 2% risk of failure)
Press: ? - help, Shift-Dir - straight line, f - orc warrior
Aim: an orc warrior, wielding a +0 flail and wearing a +0 chain mail (lightly wounded, very poisoned)
You draw life force from the orc warrior!
You feel life coursing into your body. The wight hits you with a +5 dagger.
The orc priest miscasts a cantrip.
The orc warrior hits you with a +0 flail!
* * * LOW HITPOINT WARNING * * *
The wight barely misses you. 😨 HP[-10] MP[-3]
You take 10 damage, and now have 27/76 hp.
You lost 3 mp, and now have 7/14 mp.
Casting: Vampiric Draining (mildly dangerous; 2% risk of failure)
Confirm with . or Enter, or press ? or * to list all spells.
Aiming: Vampiric Draining (mildly dangerous; 2% risk of failure)
Press: ? - help, Shift-Dir - straight line, f/p - orc warrior
Aim: an orc warrior, wielding a +0 flail and wearing a +0 chain mail (heavily wounded, very poisoned)
You draw life force from the orc warrior!
You feel a bit better.
You kill the orc warrior!
Makhleb accepts your kill.
You feel better.
You feel life coursing into your body.
The wight hits you with a +5 war axe of freezing!
* * * LOW HITPOINT WARNING * * *
The wight freezes you.
The orc priest calls down the wrath of Beogh upon you.
Beogh smites you!
* * * LOW HITPOINT WARNING * * *
The orc wizard hits you but does no damage. 😱 HP[-8] MP[-3]
You take 8 damage, and now have 19/76 hp.
You lost 3 mp, and now have 4/14 mp.
Casting: Vampiric Draining (mildly dangerous; 2% risk of failure)
Confirm with . or Enter, or press ? or * to list all spells.
Aiming: Vampiric Draining (mildly dangerous; 2% risk of failure)
Press: ? - help, Shift-Dir - straight line, f - orc wizard
Aim: an orc wizard, wielding a +0 dagger and wearing a +0 robe You draw life force from the orc wizard!
You feel life coursing into your body.
You howl as the wereblood boils in your veins!
The orc priest looks satisfied for a moment.
The wight hits you with a +5 war axe of freezing!
* * * LOW HITPOINT WARNING * * *
The wight freezes you. 😱 HP[-9] MP[-2]
You take 9 damage, and now have 10/76 hp.
You lost 2 mp, and now have 2/14 mp.
Okay, then.
Unknown command.
Okay, then.
You fail to use your ability.
The wight barely misses you.
The wight hits you with a +4 short sword.
* * * LOW HITPOINT WARNING * * *
The orc wizard hits you but does no damage.
The orc closely misses you. 😱 HP[-3]
You take 3 damage, and now have 7/76 hp.
Your magical essence is drained by the effort!
You feel much better.
The wight hits you with a +4 short sword!
* * * LOW HITPOINT WARNING * * *
You feel drained.
* * * LOW HITPOINT WARNING * * *
The orc wizard mumbles some strange words.
The orc wizard flickers and vanishes!
Deactivating autopickup; reactivate with Ctrl-A.
The wight hits you with a +5 war axe of freezing!
You die...

Skill      XL: |  1  2  3  4  5  6  7  8  9 |
---------------+----------------------------+-----
Spellcasting   | 2 3 4 |  4.1
Invocations    | 1 2 3 4 5 6 7 |  7.2
Stealth        | 3 4 5 7 |  7.6
Fighting       | 1 2 3 |  3.4
Necromancy     | 5 6 |  6.3
Dodging        | 3 4 |  4.8
Transmutations | 1 2 3 |  3.2
Armour         | 1 2 3 |  3.0

Action                   |  1- 3 |  4- 6 |  7- 9 || total
-------------------------+-------+-------+-------++-------
Melee: Mace              |     5 |    12 |       ||    17
       Unarmed           |     1 |       |       ||     1
       Hand axe          |       |    52 |    40 ||    92
       Trident           |       |       |    77 ||    77
       Punch             |       |       |     1 ||     1
 Cast: Pain              |    70 |    49 |    28 ||   147
       Wereblood         |     2 |     9 |    28 ||    39
       Vampiric Draining |     1 |    15 |    39 ||    55
 Abil: Heal Wounds       |       |       |     4 ||     4
  Use: Potion            |       |     4 |    10 ||    14
       Scroll            |       |       |     7 ||     7
 Stab: Sleeping          |       |     2 |     2 ||     4
Armor: Robe              |     4 |    27 |    49 ||    80
Dodge: Dodged            |    11 |    86 |   102 ||   199

Levels and vault maps discovered:
D:1:      dpeg_arrival_tiny_f, layout_loops_ring,
          dreamdust_ecumenical_altar_angels_and_demons, minmay_pentomino_z2
D:2:      layout_rooms
D:3:      layout_basic, kennysheep_generic_room_3, uniq_terence
D:4:      layout_layer_cave, kennysheep_vampire_church, serial_rivers,
          chequers_serial_rivers_micro_b, chequers_serial_rivers_micro_b,
          chequers_serial_rivers_micro_b, chequers_serial_rivers_micro_e,
          serial_shops, shop, minivault_19
D:5:      layout_loops_ring, minmay_temple_entry_slanted, uniq_grinder,
          uniq_crazy_yiuf_cottage
D:6:      layout_gridville, kennysheep_slug_shrine, serial_shops, shop
D:7:      layout_gridville, gammafunk_ghost_nasty_kobolds
D:8:      layout_loops_ring, minmay_pinched_square, uniq_joseph, uniq_pikel

Notes
Turn   | Place    | Note
-------+----------+-------------------------------------------
     0 | D:1      | spaghetti the Deep Dwarf Necromancer began the quest for
                  | the Orb.
     0 | D:1      | Reached XP level 1. HP: 15/15 MP: 3/3
     0 | D:1      | magus.rc [v1.9.6]
   197 | D:1      | You pick up a book of the Tundra and begin reading...
   197 | D:1      | You add the spells Hailstorm, Ice Form and Simulacrum to
                  | your library.
   245 | D:1      | Reached skill level 2 in Spellcasting
   490 | D:1      | Reached XP level 2. HP: 20/22 MP: 1/5
   725 | D:1      | Found a faded altar of an unknown god.
   745 | D:1      | Prayed at the altar of an unknown god.
   745 | D:1      | Became a worshipper of Makhleb the Destroyer
   745 | D:1      | Reached * piety under Makhleb
   958 | D:1      | You add the spells Conjure Flame, Ignite Poison and Sticky
                  | Flame to your library.
  1394 | D:2      | Reached skill level 1 in Invocations
  1398 | D:2      | Identified the ring "Igrer" {Ice Int+3 Dex-4 Slay+3 Stlth+}
  1416 | D:2      | Reached XP level 3. HP: 29/30 MP: 0/6
  1495 | D:2      | Learned a level 3 spell: Vampiric Draining
  1992 | D:2      | You pick up a book of Changes and begin reading...
  1992 | D:2      | You add the spells Beastly Appendage, Wereblood and Spider
                  | Form to your library.
  2018 | D:2      | Learned a level 2 spell: Wereblood
  2217 | D:3      | Reached XP level 4. HP: 28/37 MP: 0/7
  2358 | D:3      | Reached skill level 2 in Invocations
  2472 | D:3      | Reached skill level 3 in Stealth
  2689 | D:3      | Noticed Terence
  2694 | D:3      | Killed Terence
  2695 | D:3      | Reached skill level 1 in Fighting
  2962 | D:3      | Reached XP level 5. HP: 41/44 MP: 5/9
  3209 | D:3      | Reached skill level 5 in Necromancy
  3543 | D:4      | Noticed an ogre
  3597 | D:4      | Identified the +4 hand axe "Umumuh" {venom, Contam Fragile
                  | Fly rCorr}
  3665 | D:4      | Reached skill level 3 in Invocations
  3773 | D:4      | Found Soapposs's Jewellery Emporium.
  4306 | D:4      | Reached skill level 3 in Dodging
  4306 | D:4      | Reached skill level 1 in Transmutations
  4345 | D:4      | Killed an ogre
  4346 | D:4      | Reached skill level 4 in Stealth
  4346 | D:4      | Reached skill level 3 in Spellcasting
  4346 | D:4      | Reached XP level 6. HP: 51/51 MP: 1/10
  4348 | D:4      | You pick up a book of Cantrips and begin reading...
  4348 | D:4      | You add the spells Summon Small Mammal and Apportation to
                  | your library.
  4741 | D:4      | Found an ancient bone altar of Kikubaaqudgha.
  5019 | D:5      | Entered Level 5 of the Dungeon
  5143 | D:5      | Found a runed translucent door.
  5144 | D:5      | Noticed Crazy Yiuf
  5326 | D:5      | Found a staircase to the Ecumenical Temple.
  5363 | D:5      | Noticed Grinder
  5370 | D:5      | Reached skill level 4 in Invocations
  5371 | D:5      | HP: 13/52 [Grinder (7)]
  5380 | D:5      | Killed Grinder
  5381 | D:5      | Reached skill level 2 in Fighting
  5381 | D:5      | Reached skill level 5 in Stealth
  5381 | D:5      | Reached XP level 7. HP: 40/60 MP: 4/11
  5554 | D:5      | Reached ** piety under Makhleb
  5813 | D:5      | Killed Crazy Yiuf
  5969 | D:6      | HP: 13/60 [gnoll shaman/+0 club (3)]
  5975 | D:6      | Reached skill level 2 in Transmutations
  6068 | D:6      | Reached skill level 5 in Invocations
  6070 | D:6      | Reached skill level 1 in Armour
  6121 | D:6      | Found a snail-covered altar of Cheibriados.
  6168 | D:6      | Reached XP level 8. HP: 38/68 MP: 2/13
  6433 | D:6      | Reached skill level 6 in Stealth
  6562 | D:6      | Reached skill level 4 in Dodging
  6658 | D:6      | Found the +8 trident of the Octopus King {venom, rElec
                  | rPois}
  6687 | D:6      | Gained mutation: You are weak. (Str -2) [mutagenic glow]
  6837 | D:6      | Learned a level 4 spell: Animate Dead
  6916 | D:6      | Found Goid's General Store.
  7374 | D:7      | Aim: a gnoll, wielding a +0 spear (about 29% to evade the
                  | +8 trident of the Octopus King)
  7374 | D:7      | Aim: a gnoll, wielding a +0 spear (about 29% to evade the
                  | +8 trident of the Octopus King)
  7375 | D:7      | Aim: a gnoll, wielding a +0 spear (severely wounded, very
                  | poisoned, about 29% to evade the +8 trident of the Octopus
                  | King)
  7375 | D:7      | Aim: a gnoll, wielding a +0 spear (severely wounded, very
                  | poisoned, about 29% to evade the +8 trident of the Octopus
                  | King)
  7378 | D:7      | Reached skill level 2 in Armour
  7378 | D:7      | Reached skill level 6 in Invocations
  7723 | D:7      | HP: 15/68 [orc warrior/+0 dire flail (9)]
  7729 | D:7      | HP: 15/68 [orc/+0 hand axe (3)]
  7736 | D:7      | Reached skill level 3 in Fighting
  7736 | D:7      | Reached skill level 6 in Necromancy
  7741 | D:7      | Reached skill level 7 in Stealth
  7747 | D:7      | Reached *** piety under Makhleb
  7759 | D:7      | Aim: an orc, wielding a +0 club and wearing a +0 scale mail
                  | (about 29% to evade the +8 trident of the Octopus King)
  7759 | D:7      | Aim: an orc, wielding a +0 club and wearing a +0 scale mail
                  | (about 29% to evade the +8 trident of the Octopus King)
  7913 | D:7      | Reached skill level 3 in Transmutations
  7924 | D:7      | Reached skill level 4 in Spellcasting
  7924 | D:7      | Gained mutation: You passively map the area around you.
                  | [Deep Dwarf growth]
  7924 | D:7      | Reached XP level 9. HP: 63/76 MP: 1/14
  8038 | D:7      | Aim: an orc, wielding a +0 whip (about 30% to evade the +8
                  | trident of the Octopus King)
  8038 | D:7      | Aim: an orc, wielding a +0 whip (about 30% to evade the +8
                  | trident of the Octopus King)
  8039 | D:7      | Aim: an orc, wielding a +0 whip (heavily wounded, about 30%
                  | to evade the +8 trident of the Octopus King)
  8039 | D:7      | Aim: an orc, wielding a +0 whip (heavily wounded, about 30%
                  | to evade the +8 trident of the Octopus King)
  8345 | D:7      | Reached skill level 7 in Invocations
  8465 | D:7      | Found a runed translucent gate.
  8465 | D:7      | Found a runed translucent gate.
  8465 | D:7      | Found a runed translucent gate.
  8466 | D:7      | Noticed dolemite99's ghost (novice HOCA)
  8574 | D:7      | Aim: an orc priest, wielding a +0 short sword (severely
                  | wounded, about 32% to evade the +8 trident of the Octopus
                  | King)
  8574 | D:7      | Aim: an orc priest, wielding a +0 short sword (severely
                  | wounded, about 32% to evade the +8 trident of the Octopus
                  | King)
  8679 | D:7      | Identified the +5 scimitar of the Salmon {antimagic, rPois
                  | rF+ rC- rN+}
  9219 | D:8      | Aim: an orc, wielding a +0 hand axe and wearing a +0 scale
                  | mail (about 29% to evade the +8 trident of the Octopus
                  | King)
  9219 | D:8      | Aim: an orc, wielding a +0 hand axe and wearing a +0 scale
                  | mail (about 29% to evade the +8 trident of the Octopus
                  | King)
  9224 | D:8      | Reached skill level 3 in Armour
  9226 | D:8      | HP: 19/76 [orc priest/divine providence (14)]
  9228 | D:8      | HP: 7/76 [wight/+4 short sword (3)]
  9229 | D:8      | Slain by a wight

Vanquished Creatures
  Grinder (D:5)
  A wraith (D:7)
  A steam dragon (D:6)
  A water moccasin (D:7)
  2 orc warriors
  A black bear (D:6)
  2 ogres
  A phantom (D:6)
  3 kobold brigands
  2 bullfrogs
  2 scorpions
  2 vampire bats (D:4)
  2 howler monkeys (D:7)
  2 gnoll shamans
  2 hounds
  2 jellies
  Crazy Yiuf (D:5)
  6 orc priests
  Terence (D:3)
  An iguana (D:7)
  2 orc wizards (D:7)
  12 gnolls
  7 adders
  A shadow imp (D:6)
  2 white imps (D:6)
  2 ufetubi
  2 worms
  4 dart slugs
  17 orcs
  3 ball pythons
  A bat skeleton (D:4)
  4 bat zombies (D:4)
  3 endoplasms
  A giant cockroach (D:1)
  5 hobgoblins
  5 quokkas
  2 frilled lizards
  3 goblins
  20 kobolds
  3 rats (D:1)
135 creatures vanquished.

Table legend:
 A = Non-vault XP
 B = Vault XP
 C = Vault XP percentage of total XP
 D = Non-vault monster count
 E = Vault monster count
 F = Vault count percentage of total count
                 A         B        C        D         E       F
            +---------+---------+-------+---------+---------+-------
      Total |    3076 |     470 |  13.3 |     120 |      15 |  11.1
            +---------+---------+-------+---------+---------+-------
        D:1 |      17 |       3 |  15.0 |      10 |       2 |  16.7
        D:2 |      71 |       0 |   0.0 |      11 |       0 |   0.0
        D:3 |     127 |      42 |  24.9 |      12 |       3 |  20.0
        D:4 |     245 |     122 |  33.2 |      15 |       7 |  31.8
        D:5 |     103 |     299 |  74.4 |       4 |       2 |  33.3
        D:6 |    1005 |       4 |   0.4 |      25 |       1 |   3.8
        D:7 |    1335 |       0 |   0.0 |      40 |       0 |   0.0
        D:8 |     173 |       0 |   0.0 |       3 |       0 |   0.0
            +---------+---------+-------+---------+---------+-------

Illustrated notes

Table legend:
 A = Kills in this place as a percentage of kills in entire the game.
 B = Kills by you in this place as a percentage of kills by you in the entire game.
 C = Kills by friends in this place as a percentage of kills by friends in the entire game.
 D = Other kills in this place as a percentage of other kills in the entire game.
 E = Experience gained in this place as a percentage of experience gained in the entire game.
 F = Experience gained in this place divided by the number of levels of this place that you have seen.
                   A       B       C       D       E      F
               +-------+-------+-------+-------+-------+----------------------
         Total | 100.0 | 100.0 |   N/A |   N/A | 100.0 | 443.2
       Dungeon | 100.0 | 100.0 |   N/A |   N/A | 100.0 | 443.2
               +-------+-------+-------+-------+-------+----------------------

Table legend: (Time is in decaauts)
 A = Elapsed time spent in this place.
 B = Non-inter-level travel time spent in this place.
 C = Inter-level travel time spent in this place.
 D = Time resting spent in this place.
 E = Time spent auto-exploring this place.
 F = Levels seen in this place.
 G = Mean time per level.
                   A        B        C        D        E       F      G
               +--------+--------+--------+--------+--------+-----+--------+
         Total |   9292 |   8976 |    316 |    468 |   7380 |   8 | 1161.5 |
       Dungeon |   9292 |   8976 |    316 |    468 |   7380 |   8 | 1161.5 |
               +--------+--------+--------+--------+--------+-----+--------+

Top non-repeatable levels by time:
     D:7: 1832 daAuts
     D:3: 1561 daAuts
     D:4: 1437 daAuts
     D:6: 1417 daAuts
     D:1: 1319 daAuts
     D:5: 934 daAuts
     D:2: 721 daAuts
     D:8: 68 daAuts
